 Dungeon Crawl Stone Soup version 0.31.0-1-g2c135a008e (webtiles) character file.

Game seed: 16488357173901043394

85 qw the Shooter (level 4, -2/35 HPs)
             Began as a Djinni Hunter on Jan 24, 2024.
             Slain by Sigmund
             ... wielding a +0 scythe
              (11 damage)
             ... on level 2 of the Dungeon.
             The game lasted 00:00:04 (1072 turns).

qw the Shooter (Djinni Hunter)                      Turns: 1072, Time: 00:00:05

Health: -2/35      AC:  5    Str: 10    XL:     4   Next: 75%
Gold:   52         EV: 12    Int: 11    God:
                   SH:  0    Dex: 18

rFire   + + .        a - +0 shortbow
rCold   . . .        (shield currently unavailable)
rNeg    . . .        b - +2 robe {rC+}
rPois   inf          (no helmet)
rElec   .            (no cloak)
rCorr   .            l - +0 pair of gloves
SInv    .            (boots unavailable)
Will    .....        j - amulet of regeneration
Stlth   +            (no ring)
HPRegen 1.05/turn    (no ring)
MPRegen 0.00/turn

%: infuse magic (-3 HP)
@: confused, flying
A: sickness immunity, fire resistance 2, cold vulnerability 1, float, innate
caster, HP casting, extra vitality 1
a: no special abilities


You were on level 2 of the Dungeon.
You visited 1 branch of the dungeon, and saw 2 of its levels.

You collected 52 gold pieces.


Innate Abilities, Weirdness & Mutations

You are immune to sickness and miasma.
You are immune to poison.
Your flesh is very heat resistant. (rF++)
You are vulnerable to cold. (rC-)
You float through the air rather than walking.
You learn spells naturally, not from books.
Your magical power is your life essence.
You have superior vitality. (+4 MHP)


   Skills:
 - Level 3.0 Fighting
 - Level 4.0 Ranged Weapons
 - Level 1.7 Armour
 + Level 2.2 Dodging
 - Level 0.7 Stealth


You knew the following spells:

 Your Spells              Type           Power      Damage    Failure   Level
a - Sandblast             Erth           0%         2d4       34%         1
Your spell library was empty.

Inventory:

Hand Weapons
 a - a +0 shortbow (weapon)
Armour
 b - a +2 robe of cold resistance (worn)
 l - a +0 pair of gloves (worn)
Jewellery
 j - an amulet of regeneration (around neck)
Potions
 f - a potion of curing
 g - a potion of lignification {unknown}
 i - a potion of heal wounds {unknown}
 n - a potion of haste {unknown}

Dungeon Overview and Level Annotations

Branches:
Dungeon (2/15)

Altars:

Annotations:
D:2 Sigmund


Message History

You are confused.
You shoot an arrow. Something hits you!
You shoot an arrow.
A magic dart appears from out of thin air!
The magic dart hits you.
You shoot an arrow. Something hits you but does no damage.
You shoot an arrow. Something barely misses you.
You shoot an arrow. Something hits you but does no damage.
You shoot an arrow.
You feel less confused. Something hits you but does no damage.
You shoot an arrow. You shoot an arrow. Something hits you.
You shoot an arrow. Something hits you.
You shoot an arrow. Something hits you.
You shoot an arrow.
A magic dart appears from out of thin air!
The magic dart hits you.
You shoot an arrow. Something hits you.
You shoot an arrow. You shoot an arrow.
You hear some strange, mumbled words.
You are confused.
Something barely misses you.
You shoot an arrow. You shoot an arrow. Something hits you.
You shoot an arrow. Something hits you!
You shoot an arrow. Something hits you!
You die...

#..#.## #.....
#####.....###.##.#
........#...#.##.#
.####.........#
#..#.%....#
#.........#
##.#......#
...#......#
.#######@###
#..{.....
#.####.## #.. ..#
#.# #.# #.#


There were no monsters in sight!

Vanquished Creatures
  Jessica (D:1)
  2 adders (D:2)
  2 dart slugs (D:1)
  4 ball pythons (D:1)
  4 bats
  4 endoplasms (D:1)
  A giant cockroach (D:1)
  5 goblins (D:1)
  3 hobgoblins (D:1)
  4 kobolds (D:1)
  5 frilled lizards (D:1)
  4 rats
39 creatures vanquished.

Notes
Turn   | Place    | Note
-------+----------+-------------------------------------------
     0 | D:1      | qw the Djinni Hunter began the quest for the Orb.
     0 | D:1      | Reached XP level 1. HP: 18/18 MP: 0/0
     0 | D:1      | 0 ||| qw: Version: 0.3-a-136-gdd3b4e8
     0 | D:1      | 0 ||| qw: Game counter: 1379
     0 | D:1      | 0 ||| qw: Melee chars always use a shield: true
     0 | D:1      | 0 ||| qw: God list: Okawaru
     0 | D:1      | 0 ||| qw: Allow faded altars: false
     0 | D:1      | 0 ||| qw: Do Orc after clearing Dungeon:15 true
     0 | D:1      | 0 ||| qw: Do second Lair branch before Depths: true
     0 | D:1      | 0 ||| qw: Lair rune preference: random
     0 | D:1      | 0 ||| qw: Goals: Normal
     0 | D:1      | 0 ||| PLANNING D:1-11
    87 | D:1      | Reached XP level 2. HP: 23/23 MP: 0/0
   208 | D:1      | Reached skill level 4 in Ranged Weapons
   208 | D:1      | Reached XP level 3. HP: 20/28 MP: 0/0
   208 | D:1      | Learned a level 1 spell: Sandblast
   817 | D:1      | 817 ||| UPGRADING to +0 ring mail.
   827 | D:1      | 827 ||| DROPPING +0 leather armour.
   828 | D:1      | 828 ||| UPGRADING to +0 pair of gloves.
   833 | D:1      | 833 ||| UPGRADING to amulet of regeneration.
   838 | D:1      | 838 ||| READING scroll labelled NYARYI XUZEOXI.
   839 | D:1      | 839 ||| READING scroll labelled AGADINEGOETE.
   940 | D:1      | 940 ||| READING scroll labelled JAERUX SINO.
   941 | D:1      | 941 ||| READING scroll labelled QOH GIAHEL IFE.
   942 | D:1      | 942 ||| DRINKING 2 clear potions.
   943 | D:1      | 943 ||| DROPPING scroll of butterflies.
   968 | D:2      | Noticed Jessica
   969 | D:2      | 969 ||| STAIRDANCE
   973 | D:2      | 973 ||| STAIRDANCE
   976 | D:1      | Killed Jessica
   977 | D:1      | Reached skill level 1 in Armour
   977 | D:1      | Reached XP level 4. HP: 21/34 MP: 0/0
   992 | D:1      | 992 ||| UPGRADING to +2 robe of cold resistance.
  1002 | D:1      | 1002 ||| DROPPING +0 ring mail.
  1011 | D:2      | Reached skill level 3 in Fighting
  1049 | D:2      | Noticed Sigmund
  1071 | D:2      | HP: 8/35 [something (9)]
  1072 | D:2      | Slain by Sigmund

Levels and vault maps discovered:
D:1:      mushboom_english_gardens, layout_basic, minmay_split_cup_large
D:2:      layout_loops_ring, shapermc_ecumenical_altar_totnotflames,
          serial_bayou_lagoon_a, amcnicky_mini_corridor_feature, uniq_jessica,
          uniq_natasha, uniq_sigmund

Skill      XL: |  1  2  3  4 |
---------------+-------------+-----
Ranged Weapons | 4 |  4.0
Armour         | 1 |  1.7
Fighting       | 3 |  3.0
Dodging        | |  2.2
Stealth        | |  0.7

Action                     |  1- 3 |  4- 6 || total
---------------------------+-------+-------++-------
   Fire: Shortbow          |    98 |    32 ||   130
    Use: Scroll            |     4 |       ||     4
         Potion            |     1 |       ||     1
 Armour: Leather armour    |    10 |       ||    10
         Ring mail         |     2 |       ||     2
         Robe              |       |    22 ||    22
  Dodge: Dodged            |    17 |     9 ||    26

Table legend:
 A = Non-vault XP
 B = Vault XP
 C = Vault XP percentage of total XP
 D = Non-vault monster count
 E = Vault monster count
 F = Vault count percentage of total count
                 A         B        C        D         E       F
            +---------+---------+-------+---------+---------+-------
      Total |      74 |      48 |  39.3 |      34 |       5 |  12.8
            +---------+---------+-------+---------+---------+-------
        D:1 |      46 |      48 |  51.1 |      30 |       5 |  14.3
        D:2 |      28 |       0 |   0.0 |       4 |       0 |   0.0
            +---------+---------+-------+---------+---------+-------
